 Dungeon Crawl Stone Soup version 0.23-a0-395-gcf17ac6 (webtiles) character file.

5551 Ijustatesigmund the Basher (level 10, -6/61 HPs)
             Began as a Gargoyle Fighter on Nov 1, 2018.
             Killed from afar by a deep elf mage (25 damage)
             ... with a stone arrow
             ... on level 9 of the Dungeon.
             The game lasted 00:24:53 (10211 turns).

Ijustatesigmund the Basher (Gargoyle Fighter)      Turns: 10211, Time: 00:24:54

Health: -6/61      AC: 19    Str: 19    XL:     10   Next: 71%
Magic:  0/13       EV: 10    Int: 11    God:
Gold:   245        SH: 11    Dex: 11    Spells: 8/9 levels left

rFire    . . .     SeeInvis .   a - +3 flail (freeze)
rCold    + . .     Gourm    .   c - +1 shield
rNeg     + + +     Faith    .   b - +1 scale mail {rN+}
rPois    ∞         Spirit   +   (no helmet)
rElec    +         Reflect  .   o - +2 cloak
rCorr    .         Harm     .   (no gloves)
MR       .....                  (no boots)
Stlth    ..........             l - amulet of guardian spirit
HPRegen  0.20/turn              n - ring of positive energy
MPRegen  0.13/turn              s - ring of protection from cold

@: no status effects
A: negative energy resistance 1, electricity resistance, unbreathing,
petrification resistance, rot immunity, AC +7
a: no special abilities


You were on level 9 of the Dungeon.
You were not hungry.

You visited 2 branches of the dungeon, and saw 10 of its levels.
You also visited: Ossuary.

You collected 452 gold pieces.
You spent 207 gold pieces at shops.

Inventory:

Hand Weapons
 a - a +3 flail of freezing (weapon)
Armour
 b - a +1 scale mail of positive energy (worn)
 c - a +1 shield (worn)
 o - a +2 cloak (worn)
Jewellery
 h - an uncursed ring of fire
 l - an amulet of guardian spirit (around neck)
 n - a ring of positive energy (left hand)
 s - a ring of protection from cold (right hand)
Wands
 d - a wand of flame (3)
 m - a wand of digging (4)
Scrolls
 e - 4 scrolls of remove curse
 i - 2 scrolls of identify
 j - 4 scrolls of teleportation
 k - 2 scrolls of torment
 p - a scroll of magic mapping
 t - a scroll of blinking
 u - 2 scrolls of enchant weapon
 v - a scroll of fog
Potions
 g - 5 potions of brilliance
Comestibles
 f - 17 rations
 q - 2 chunks of flesh


   Skills:
 + Level 6.7 Fighting
 + Level 9.6 Maces & Flails
 - Level 6.7 Armour
 - Level 5.2 Dodging
 - Level 6.6 Shields
 - Level 4.8 Evocations


You had 8 spell levels left.
You knew the following spells:

 Your Spells              Type           Power        Failure   Level  Hunger
a - Apportation           Tloc           #.....       95%         1    ##.....

Your spell library contained the following spells:

 Spells                   Type           Power        Failure   Level  Hunger
 Animate Skeleton         Necr           N/A          95%         1    ##.....
 Confusing Touch          Hex            #.....       95%         1    ##.....
 Shock                    Conj/Air       #...         95%         1    ##.....
 Summon Small Mammal      Summ           #...         95%         1    ##.....
 Swiftness                Chrm/Air       #.......     99%         2    ###....
 Confuse                  Hex            #.......     100%        3    ####...
 Gell's Gravitas          Tloc           #.........   100%        3    ####...
 Static Discharge         Conj/Air       #.......     100%        3    ####...
 Airstrike                Air            #.........   100%        4    #####..
 Petrify                  Tmut/Erth      #.......     100%        4    #####..
 Lightning Bolt           Conj/Air       #.........   100%        5    ######.
 Metabolic Englaciation   Hex/Ice        #.........   100%        5    ######.
 Yara's Violent Unravell  Hex/Tmut       #.........   100%        5    ######.


Dungeon Overview and Level Annotations

Branches:
Dungeon (9/15)             Temple (1/1) D:6
   Lair: D:8-11         Orc: D:9-12

Altars:
Ashenzari
Dithmenos
Elyvilon
Fedhas
Gozag
Hepliaklqana
Kikubaaqudgha
Makhleb
Nemelex Xobeh
Qazlal
Ru
Sif Muna
Trog
Uskayaw
Vehumet
Wu Jian
Xom
Yredelemnul
The Shining One

Shops:
D:5 [

Annotations:
D:4 Dowan


Innate Abilities, Weirdness & Mutations

You are resistant to torment.
Your stone body is resilient. (AC +7)
You are immune to poison.
You resist negative energy. (rN+)
You are resistant to electric shocks. (rElec)
You can survive without breathing.
You are immune to petrification.
You are immune to rotting.


Message History

The deep elf mage casts a spell at you. The stone arrow hits you!
* * * LOW HITPOINT WARNING * * *
You block the earth elemental's attack.
You are too injured to fight recklessly!
You are too injured to fight recklessly!
You are too injured to fight recklessly!
You are too injured to fight recklessly!
You are too injured to fight recklessly!
You are too injured to fight recklessly!
You are too injured to fight recklessly!
You are too injured to fight recklessly!
You are too injured to fight recklessly!
You are too injured to fight recklessly!
You are too injured to fight recklessly!
You are too injured to fight recklessly!
Okay, then.
The deep elf mage casts a spell at you. The stone arrow hits you!
You die...

####. .....
..#... ......
###......
##........
#..)......
#.@E......
.......Ee......
#....##.#......
##.. .........
#. ... ..... ..
.......... #
...>. ...#
####.....##


You could see 2 earth elementals and a deep elf mage.

Vanquished Creatures
  A troll (D:9)
  A hippogriff (D:8)
  Sigmund (D:5)
  A wyvern (D:9)
  Eustachio (D:4)
  A steam dragon (D:7)
  A hungry ghost (D:7)
  Duvessa (D:4)
  An ice beast (D:8)
  A black bear (D:6)
  7 orc warriors
  2 phantoms
  A sky beast (D:8)
  4 ogres
  4 centaurs
  2 elf zombies (Ossuary)
  Blork the orc (D:5)
  A big kobold (D:8)
  4 bullfrogs
  A scorpion (D:5)
  4 killer bees (D:8)
  6 wights
  A bullfrog zombie (D:8)
  8 crimson imps
  2 centaur zombies
  A bullfrog skeleton (D:9)
  2 centaur skeletons (D:9)
  A jelly (D:8)
  2 human zombies (Ossuary)
  4 orc priests
  3 hounds
  11 orc wizards
  3 iguanas
  5 worker ants
  A hound skeleton (D:9)
  4 mummies (Ossuary)
  2 gnolls (D:8)
  A worker ant zombie (D:6)
  9 adders
  A shadow imp (D:6)
  2 adder zombies
  An adder skeleton (D:9)
  3 worms
  3 dart slugs
  8 leopard geckos
  24 orcs
  6 giant cockroaches
  11 goblins
  9 hobgoblins
  9 jackals
  2 quokkas
  A ball python (D:5)
  7 bats
  4 frilled lizards
  A hobgoblin zombie (Ossuary)
  3 jackal zombies
  9 kobolds
  2 kobold zombies
  2 orc zombies (Ossuary)
  4 rats
  2 rat zombies
221 creatures vanquished.

Vanquished Creatures (others)
  A sky beast (D:7)
  3 orcs (D:7)
4 creatures vanquished.

Grand Total: 225 creatures vanquished

Notes
Turn   | Place    | Note
-------+----------+-------------------------------------------
     0 | D:1      | Ijustatesigmund the Gargoyle Fighter began the quest for
                  | the Orb.
     0 | D:1      | Reached XP level 1. HP: 14/14 MP: 1/1
   406 | D:1      | Reached XP level 2. HP: 15/19 MP: 2/2
   430 | D:1      | Reached skill level 3 in Maces & Flails
   713 | D:1      | Reached XP level 3. HP: 20/23 MP: 3/3
  1156 | D:2      | Found an ancient bone altar of Kikubaaqudgha.
  1242 | D:2      | Reached skill level 4 in Maces & Flails
  1342 | D:2      | Reached XP level 4. HP: 27/28 MP: 4/4
  2186 | D:3      | Reached XP level 5. HP: 33/33 MP: 5/5
  2411 | D:3      | Found a blossoming altar of Fedhas.
  2411 | D:3      | Found a shattered altar of Ashenzari.
  2412 | D:3      | Found a stormy altar of Qazlal.
  2755 | D:3      | Found a shadowy altar of Dithmenos.
  2870 | D:4      | Found the +8 demon blade "Bloodbane" {slice, *Rage +Rage
                  | Stlth-}
  2890 | D:4      | Reached XP level 6. HP: 33/38 MP: 6/6
  3018 | D:4      | Noticed Eustachio
  3045 | D:4      | Killed Eustachio
  3316 | D:4      | Noticed a phantom
  3325 | D:4      | Noticed Duvessa
  3325 | D:4      | Noticed Dowan
  3337 | D:4      | Killed Duvessa
  3337 | D:4      | Reached skill level 5 in Fighting
  3337 | D:4      | Reached skill level 5 in Armour
  3337 | D:4      | Reached skill level 5 in Shields
  3337 | D:4      | Reached XP level 7. HP: 42/44 MP: 7/7
  3773 | D:5      | Entered Level 5 of the Dungeon
  3824 | D:5      | Found Rizyorao's Antique Armour Emporium.
  3828 | D:5      | Noticed Sigmund
  3846 | D:5      | Killed Sigmund
  3920 | D:5      | Found a radiant altar of Vehumet.
  3946 | D:5      | Learned a level 1 spell: Apportation
  3969 | D:5      | Noticed Blork the orc
  3979 | D:5      | Killed Blork the orc
  3979 | D:5      | Reached XP level 8. HP: 50/51 MP: 8/8
  4474 | D:5      | Bought an ancient ring mail for 207 gold pieces
  4479 | D:5      | Identified the cursed +0 ring mail of the Tick {rPois rC+
                  | MP-9 Str+2} (You bought it in a shop on level 5 of the
                  | Dungeon)
  4956 | D:6      | Reached skill level 1 in Dodging
  4964 | D:6      | Found a sacrificial altar of Ru.
  5086 | D:6      | Reached skill level 5 in Maces & Flails
  5337 | D:6      | Found a staircase to the Ecumenical Temple.
  5346 | Temple   | Entered the Ecumenical Temple
  5576 | D:6      | Reached XP level 9. HP: 56/56 MP: 9/9
  6095 | D:6      | Reached skill level 6 in Maces & Flails
  6516 | D:7      | Found a sand-covered staircase.
  6525 | Ossuary  | Entered an ossuary
  7583 | D:7      | Reached skill level 7 in Maces & Flails
  7604 | D:7      | Found an ornate altar of the Wu Jian Council.
  7868 | D:7      | Reached skill level 5 in Dodging
  8467 | D:8      | Reached skill level 8 in Maces & Flails
  8467 | D:8      | Reached skill level 1 in Evocations
  8472 | D:8      | Reached XP level 10. HP: 59/61 MP: 10/10
  8751 | D:8      | Found an opulent altar of Gozag.
  9242 | D:8      | Reached skill level 9 in Maces & Flails
  9347 | D:9      | Identified the cursed +1 bardiche of the Vanishing Orbs
                  | {antimagic, +Inv +Fly Str+5 Int-3}
  9347 | D:9      | Identified the ring "Nuhen" {rPois Str-2 Int+2 Dex+6 SInv}
  9371 | D:9      | Found a blossoming altar of Fedhas.
  9982 | D:9      | Noticed a deep elf mage
 10211 | D:9      | Killed from afar by a deep elf mage

Vault maps used:
D:1:      lemuel_arrival_room, solitary_fountain, minmay_pentomino_v2
D:2:      lemuel_doored_altar
D:3:      lemuel_round_altar, gammafunk_temple_overflow_claw, minivault_24
D:4:      first_ration, minmay_misc_feat_doors, uniq_duvessa, uniq_eustachio
D:5:      fiery_altar_vehumet, serial_shops, shop, nrook_loot_triangle,
          uniq_blork_the_orc, uniq_sigmund
D:6:      minmay_temple_entry_butterflies, hangedman_ru_absence
D:7:      kennysheep_little_box, enter_ossuary_3
D:8:      grunt_gozag_statues
D:9:      minmay_the_grid_square_5x5_3x3, grunt_temple_overflow_diamond,
          david_orc_4, hangedman_little_slice_of_home, fedhas_altar_2
Temple:   minmay_temple_curvy_loop
Ossuary:  ossuary_minmay_tomb_2a

Skill      XL: |  1  2  3  4  5  6  7  8  9 10 |
---------------+-------------------------------+-----
Maces & Flails | 3 4 5 8 9 |  9.6
Fighting       | 4 5 6 |  6.7
Armour         | 4 5 6 |  6.7
Shields        | 4 5 6 |  6.6
Dodging        | 2 5 |  5.2
Evocations     | 1 4 |  4.8

Action                   |  1- 3 |  4- 6 |  7- 9 | 10-12 || total
-------------------------+-------+-------+-------+-------++-------
Melee: Flail             |   152 |   185 |   592 |   244 ||  1173
Evoke: Wand              |       |       |    13 |       ||    13
  Use: Scroll            |     3 |     4 |    14 |     3 ||    24
       Potion            |       |     1 |     9 |     3 ||    13
 Stab: Paralysed         |       |       |    10 |       ||    10
  Eat: Chunk             |     1 |     7 |     5 |     7 ||    20
       Ration            |       |       |     4 |       ||     4
Armor: Scale mail        |    81 |   107 |   420 |   140 ||   748
       Chain mail        |    24 |       |       |       ||    24
Dodge: Dodged            |    54 |    64 |   283 |   116 ||   517
Block: Shield            |    81 |   103 |   428 |   152 ||   764

Table legend:
 A = Non-vault XP
 B = Vault XP
 C = Vault XP percentage of total XP
 D = Non-vault monster count
 E = Vault monster count
 F = Vault count percentage of total count
                 A         B        C        D         E       F
            +---------+---------+-------+---------+---------+-------
      Total |    6295 |    1636 |  20.6 |     192 |      32 |  14.3
            +---------+---------+-------+---------+---------+-------
        D:1 |      36 |       4 |  10.0 |      20 |       2 |   9.1
        D:2 |      67 |       0 |   0.0 |      21 |       0 |   0.0
        D:3 |     172 |       0 |   0.0 |      20 |       0 |   0.0
        D:4 |     254 |     301 |  54.2 |      12 |       2 |  14.3
        D:5 |     218 |     337 |  60.7 |      10 |       2 |  16.7
        D:6 |    1526 |       0 |   0.0 |      33 |       0 |   0.0
        D:7 |    1181 |       2 |   0.2 |      23 |       2 |   8.0
        D:8 |    2421 |       0 |   0.0 |      44 |       0 |   0.0
        D:9 |     420 |     619 |  59.6 |       9 |       8 |  47.1
    Ossuary |       0 |     373 | 100.0 |       0 |      16 | 100.0
            +---------+---------+-------+---------+---------+-------
